 Dungeon Crawl Stone Soup version 0.31-a0-263-ge8cad7f256 (webtiles) character file.

Game seed: 3252598920153940178

66 qw the Shooter (level 4, -1/26 HPs)
             Began as a Gargoyle Hexslinger on July 13, 2023.
             Slain by Crazy Yiuf
             ... wielding a +3 quarterstaff of chaos
              (2 damage)
             ... on level 2 of the Dungeon.
             The game lasted 00:00:32 (1221 turns).

qw the Shooter (Gargoyle Hexslinger)                Turns: 1221, Time: 00:00:32

Health: -1/26      AC:  8    Str: 12    XL:     4   Next: 15%
Magic:  5/5        EV: 10    Int: 13    God:
Gold:   141        SH:  0    Dex: 14    Spells: 4/5 levels left

rFire   + . .        a - +2 sling (freeze)
rCold   + . .        (no shield)
rNeg    + . .        e - +0 ring mail
rPois   inf          (no helmet)
rElec   +            (no cloak)
rCorr   +            (no gloves)
SInv    .            (no boots)
Will    .....        (no amulet)
Stlth   +            (no ring)
HPRegen 0.24/turn    (no ring)
MPRegen 0.09/turn

%: no passive effects
@: resistant
A: sickness immunity, AC +3, negative energy resistance 1, electricity
resistance, torment resistance 1, petrification resistance
a: no special abilities


You were on level 2 of the Dungeon.
You visited 1 branch of the dungeon, and saw 2 of its levels.

You collected 141 gold pieces.


Innate Abilities, Weirdness & Mutations

You are immune to sickness and miasma.
Your stone body is resilient. (AC +3)
You are immune to poison.
You resist negative energy. (rN+)
You are resistant to electric shocks. (rElec)
You are resistant to unholy torment.
You are immune to petrification.


   Skills:
 - Level 2.1 Fighting
 + Level 3.9 Ranged Weapons
 - Level 1.5 Dodging
 - Level 1.0 Spellcasting
 - Level 2.6 Hexes


You had 4 spell levels left.
You knew the following spells:

 Your Spells              Type           Power      Damage    Failure   Level
a - Slow                  Hex            28%        N/A       22%         1

Your spell library contained the following spells:

 Spells                   Type           Power      Damage    Failure   Level
 Inner Flame              Hex/Fire       4%         N/A       73%         3
 Portal Projectile        Hex/Tloc       8%         N/A       73%         3
 Cause Fear               Hex            3%         N/A       91%         4

Inventory:

Hand Weapons
 a - a +2 sling of freezing (weapon)
Armour
 e - a +0 ring mail (worn)
Jewellery
 f - a +4 ring of protection
Scrolls
 c - a scroll of teleportation {unknown}
 i - 4 scrolls of identify {unknown}
 j - a scroll of blinking {unknown}
Potions
 b - a potion of berserk rage {unknown}
 d - a potion of magic {unknown}
 g - a potion of resistance {unknown}
 h - a potion of attraction {unknown}

Dungeon Overview and Level Annotations

Branches:
Dungeon (2/15)

Altars:

Annotations:
D:2 1 runed translucent door, Crazy Yiuf


Message History

The bat hits you but does no damage. The bat closely misses you.
You shoot a sling bullet. The sling bullet hits the bat!
The sling bullet freezes the bat.
You kill the bat!
f - a +4 ring of protection
Enter note:
Enter note:
i - 3 scrolls labelled COJ GOIGOICWOE
Enter note:
Enter note:
j - a scroll labelled DATODE JIELU
Enter note:
Enter note:
i - 4 scrolls labelled COJ GOIGOICWOE (gained 1)
You now have 132 gold pieces (gained 17).
You now have 141 gold pieces (gained 9).
You see here a worm corpse.
A sourceless malevolence fills the Dungeon... and a teleportation trap spontaneously manifests!
You are yanked towards a nearby monster!
Your surroundings suddenly seem different.
Crazy Yiuf the Enlightened comes into view.
He is wielding a +3 quarterstaff of chaos.
Found a hammer.
Crazy Yiuf barely misses you.
Enter note:
Enter note: You shoot a sling bullet.
The sling bullet hits Crazy Yiuf.
The sling bullet freezes Crazy Yiuf.
Crazy Yiuf is lightly wounded.
Crazy Yiuf hits you with a +3 quarterstaff of chaos.
Crazy Yiuf burns you.
Crazy Yiuf hits you with a +3 quarterstaff of chaos!
You feel protected.
You shoot a sling bullet. The sling bullet hits Crazy Yiuf!
The sling bullet freezes Crazy Yiuf.
Crazy Yiuf is severely wounded.
Crazy Yiuf closely misses you.
You shoot a sling bullet.
The sling bullet closely misses Crazy Yiuf.
Crazy Yiuf hits you with a +3 quarterstaff of chaos!
Crazy Yiuf freezes you.
You die...

## #
. # #
#####
#)g@#
#...#
#...#
##+##
#. ##


You could see Crazy Yiuf.

Vanquished Creatures
  A gnoll (D:1)
  An adder (D:2)
  A worm (D:2)
  A dart slug (D:1)
  6 ball pythons
  3 endoplasms (D:1)
  4 giant cockroaches
  6 goblins
  4 hobgoblins
  4 quokkas
  2 bats
  2 kobolds (D:1)
  A rat (D:1)
36 creatures vanquished.

Notes
Turn   | Place    | Note
-------+----------+-------------------------------------------
     0 | D:1      | qw the Gargoyle Hexslinger began the quest for the Orb.
     0 | D:1      | Reached XP level 1. HP: 12/12 MP: 2/2
     0 | D:1      | 0 ||| qw: Version: 0.3-a-52-g30416fa
     0 | D:1      | 0 ||| qw: Game counter: 7536
     0 | D:1      | 0 ||| qw: Melee chars always use a shield: true
     0 | D:1      | 0 ||| qw: God list: Okawaru
     0 | D:1      | 0 ||| qw: Allow faded altars: false
     0 | D:1      | 0 ||| qw: Do Orc after clearing Dungeon:15 true
     0 | D:1      | 0 ||| qw: Do second Lair branch before Depths: true
     0 | D:1      | 0 ||| qw: Lair rune preference: random
     0 | D:1      | 0 ||| qw: Goals: Normal
     0 | D:1      | 0 ||| PLANNING D:1-11
    73 | D:1      | Reached XP level 2. HP: 16/16 MP: 3/3
   140 | D:1      | Reached skill level 3 in Ranged Weapons
   209 | D:1      | Reached XP level 3. HP: 11/21 MP: 4/4
   823 | D:1      | 823 ||| UPGRADING to +0 ring mail.
   833 | D:1      | 833 ||| DROPPING +0 robe.
   834 | D:1      | 834 ||| READING 2 scrolls labelled HASIMINLOB.
   835 | D:1      | 835 ||| DROPPING scroll of fear.
   836 | D:1      | 836 ||| DROPPING scroll of poison.
   932 | D:2      | 932 ||| SWAPPING to +2 sling of freezing.
   933 | D:2      | 933 ||| DROPPING +1 sling.
  1061 | D:2      | Reached XP level 4. HP: 22/26 MP: 5/5
  1218 | D:2      | Found a runed translucent door.
  1218 | D:2      | Noticed Crazy Yiuf
  1221 | D:2      | HP: 1/26 [Crazy Yiuf/+3 quarterstaff of chaos (10)]
  1221 | D:2      | Slain by Crazy Yiuf

Levels and vault maps discovered:
D:1:      dpeg_arrival_morbid_curiosity, layout_basic, minmay_pentomino_q2
D:2:      layout_loops_ring, nrook_loot_triangle, uniq_natasha,
          uniq_crazy_yiuf_cottage

Skill      XL: |  1  2 |
---------------+-------+-----
Ranged Weapons | 3 |  3.9
Fighting       | 2 |  2.1
Dodging        | |  1.5
Spellcasting   | |  1.0
Hexes          | |  2.6

Action                     |  1- 3 |  4- 6 || total
---------------------------+-------+-------++-------
   Fire: Sling             |   120 |    18 ||   138
    Use: Scroll            |     1 |       ||     1
 Armour: Robe              |     7 |       ||     7
         Ring mail         |    15 |     2 ||    17
  Dodge: Dodged            |    34 |     4 ||    38

Table legend:
 A = Non-vault XP
 B = Vault XP
 C = Vault XP percentage of total XP
 D = Non-vault monster count
 E = Vault monster count
 F = Vault count percentage of total count
                 A         B        C        D         E       F
            +---------+---------+-------+---------+---------+-------
      Total |      84 |      11 |  11.6 |      30 |       6 |  16.7
            +---------+---------+-------+---------+---------+-------
        D:1 |      48 |      11 |  18.6 |      19 |       6 |  24.0
        D:2 |      36 |       0 |   0.0 |      11 |       0 |   0.0
            +---------+---------+-------+---------+---------+-------
